 Dungeon Crawl Stone Soup version 0.31-a0-854-g362426d53f (webtiles) character file.

Game seed: 13274364176616165858

5777 Dirtsage the Grappler (level 10, 0/108 HPs)
             Began as an Octopode Shapeshifter on Oct 8, 2023.
             Was an Elder of Wu Jian.
             Succumbed to a meliai's poison
             ... on level 9 of the Dungeon.
             The game lasted 00:15:56 (7853 turns).

Dirtsage the Grappler (Octopode Shapeshifter)       Turns: 7853, Time: 00:15:57

Health: 0/108      AC: 25    Str: 18    XL:     10   Next: 78%
Magic:  10/10      EV:  2    Int: 12    God:    Wu Jian [****..]
Gold:   330        SH:  0    Dex: 12    Spells: 9/9 levels left

rFire   . .          .
                       - Unarmed
rCold   . . .        n - orb {light}
rNeg    + . .        (helmet currently unavailable)
rPois   +            m - amulet of faith
rElec   .            W - ring of wizardry
rCorr   .            N - ring of positive energy
SInv    .            (no ring)
Will    .....        (no ring)
Stlth   +            (no ring)
HPRegen 0.38/turn    (no ring)
MPRegen 0.12/turn    (no ring)
                     (no ring)

%: faith, wizardry (x1)
@: lethally poisoned (0 -> -17), tree-form, attractive, glowing
A: stationary, stasis, torment immunity, boosted hp, almost no armour,
(amphibious), 8 rings, (camouflage 1), (gelatinous body 1), (nimble swimmer 1),
(tentacles)
a: Renounce Religion, Wall Jump, Serpent's Lash


You were on level 9 of the Dungeon.
You worshipped Wu Jian.
Wu Jian was greatly pleased with you.
You were a tree.
You visited 2 branches of the dungeon, and saw 10 of its levels.

You collected 330 gold pieces.

Inventory:

Missiles
 w - 4 curare-tipped darts
Armour
 n - an orb of light (worn)
Magical Staves
 B - a staff of poison
Jewellery
 m - an amulet of faith (around neck)
 N - a ring of positive energy (right branch)
 W - a ring of wizardry (left branch)
Talismans
 b - a beast talisman
 c - a flux talisman
Wands
 s - a wand of flame (27)
 v - a wand of paralysis (1)
 A - a wand of mindburst (11)
Scrolls
 g - a scroll of fear
 h - 3 scrolls of noise
 i - 6 scrolls of identify
 j - 4 scrolls of vulnerability {unknown}
 k - a scroll of torment {unknown}
 l - a scroll of teleportation {unknown}
 t - a scroll of blinking {unknown}
 x - a scroll of immolation {unknown}
 y - a scroll of fog {unknown}
Potions
 d - a potion of brilliance {unknown}
 e - a potion of cancellation {unknown}
 f - 2 potions of attraction
 o - 4 potions of heal wounds {unknown}
 p - 2 potions of might {unknown}
 q - a potion of berserk rage {unknown}
 r - 2 potions of enlightenment {unknown}
 u - 3 potions of degeneration {unknown}
 z - a potion of mutation {unknown}


   Skills:
 + Level 8.0 Fighting
 - Level 2.0 Dodging
 * Level 11.6 Unarmed Combat
 - Level 0.4 Ice Magic
 + Level 7.9 Shapeshifting


You had 9 spell levels left.
You didn't know any spells.
Your spell library contained the following spells:

 Spells                   Type           Power      Damage    Failure   Level
 Kiss of Death            Conj/Necr      0%         2d5       13%         1
 Magic Dart               Conj           0%         1d3       13%         1
 Call Imp                 Summ           0%         N/A       21%         2
 Frozen Ramparts          Ice            2%         1d1       32%         3
 Hailstorm                Conj/Ice       0%         3d3       34%         3
 Mephitic Cloud           Conj/Pois/Air  0%         N/A       36%         3
 Tukima's Dance           Hex            0%         N/A       36%         3
 Summon Ice Beast         Ice/Summ       0%         N/A       73%         4
 Passage of Golubria      Tloc           0%         N/A       75%         4
 Petrify                  Tmut/Erth      0%         N/A       75%         4
 Metabolic Englaciation   Hex/Ice        0%         N/A       96%         5
 Yara's Violent Unravell  Hex/Tmut       0%         3d3       97%         5
 Simulacrum               Ice/Necr       0%         N/A       100%        6
 Ozocubu's Refrigeration  Ice            0%         4d7       100%        7
 Polar Vortex             Ice            0%         N/A       100%        9


Dungeon Overview and Level Annotations

Branches:
Dungeon (9/15)             Temple (1/1) D:7            Lair (0/5) D:8
    Orc: D:9-12

Altars:
Cheibriados
Elyvilon
Gozag
Hepliaklqana
Kikubaaqudgha
Makhleb
Nemelex Xobeh
Qazlal
Trog
Vehumet
Wu Jian
Xom
Zin
The Shining One

Shops:
D:3 *   D:7 *   D:8 [

Annotations:
D:4 2 transporters


Innate Abilities, Weirdness & Mutations

You are a tree.
Your roots penetrate the ground, keeping you stationary.
You cannot be teleported.
You are immune to unholy pain and torment.
Your maximum health is greatly increased.
You cannot wear most types of armour.
((You are amphibious.))
You can wear up to eight rings at the same time.
((Your skin changes colour to match your surroundings (Stealth+).))
((Your rubbery body absorbs attacks. (AC +1, EV +1)))
((You are camouflaged when in or above water. (Stealth+)))
((You have tentacles for arms and can constrict up to eight enemies at once.))


Message History

Something smites you!
You take 12 damage, and have 60/72 hp.
A meliai comes into view.
It is wielding a +1 war axe of freezing.
The meliai buzzes angrily.
The meliai hits you with a +0 hand axe! The meliai closely misses you.
You take 10 damage, and have 50/72 hp.
You bludgeon the meliai!
The meliai begins to glow.
Your grab misses the meliai. You squeeze the meliai.
The meliai is heavily wounded.
A meliai comes into view. It is wielding a +0 war axe.
The meliai calls upon its god to heal the meliai.
The meliai is healed somewhat.
The meliai barely misses you. The meliai closely misses you.
The meliai buzzes angrily.
You tentacle-slap the meliai.
The meliai glows dangerously bright.
Your grab misses the meliai. Your squeeze misses the meliai.
The meliai is moderately wounded.
The meliai hits you with a +0 hand axe! The meliai stings you!
You are poisoned.
The meliai poisons you! The meliai closely misses you. x2
The meliai mumbles some strange prayers to its god against you.
Something smites you!
* * * LOW HITPOINT WARNING * * *
You take 39 damage, and have 12/72 hp.
MASSIVE DAMAGE!!
Your transformation has ended.
Your orb of light unmelds from your body.
You turn into a tree.
Your roots penetrate the ground.
* * * LOW HITPOINT WARNING * * *
You feel very sick. The meliai hits you but does no damage.
The meliai stings you but does no damage.
The meliai mumbles some strange prayers to its god against you.
Something smites you!
* * * LOW HITPOINT WARNING * * *
The meliai hits you but does no damage. The meliai stings you.
* * * LOW HITPOINT WARNING * * *
You now have 3/108 hp.
It was a potion of attraction.
You feel attractive to monsters.
You die...

#.....<..# #........#.#
#.....)..#.#
###############.# ##
.......## #.# ...
######..# #.# .... ##.#
#.# .....
#######.#######.##..y...
................♣yy.....
#########.#####.##......
....# #......##.# .....
....# #......##.# ....
....# #......##.# ...
....# #......##.# ..
....# ###.#####.# #
....#####.#####.#
.....#..........#


You could see 3 meliai.

Vanquished Creatures
  Amaemon (D:8)
  3 kobold demonologists (D:5)
  An orange demon (D:8)
  A hornet (D:7)
  A wyvern (D:8)
  A steam dragon (D:8)
  Menkaure (D:4)
  An acid dragon (D:8)
  A water moccasin (D:7)
  Duvessa (D:5)
  2 ogres
  An orc warrior (D:8)
  A sky beast (D:7)
  An ice beast (D:7)
  3 black bears
  3 phantoms
  3 centaurs
  A kobold brigand (D:8)
  Blork the orc (D:4)
  2 bullfrogs
  2 scorpions
  A water moccasin zombie (D:7)
  13 wights
  Dowan (D:5)
  A killer bee (D:8)
  4 crimson imps (D:6)
  A lava snake (D:8)
  A bullfrog zombie (D:7)
  3 hounds
  4 orc priests
  A sleepcap (D:7)
  Ijyb (D:4)
  3 iguanas
  3 orc wizards
  3 killer bee zombies (D:7)
  2 adders
  4 gnolls (D:5)
  A shadow imp (D:6)
  A white imp (D:7)
  An ufetubus (D:4)
  4 worms
  A dart slug (D:5)
  29 orcs
  6 ball pythons
  8 bats
  11 endoplasms
  5 giant cockroaches
  5 goblins
  6 hobgoblins
  11 jackals
  5 quokkas
  2 frilled lizards
  13 kobolds
  6 rats
193 creatures vanquished.

Notes
Turn   | Place    | Note
-------+----------+-------------------------------------------
     0 | D:1      | Dirtsage the Octopode Shapeshifter began the quest for the
                  | Orb.
     0 | D:1      | Reached XP level 1. HP: 13/13 MP: 1/1
   202 | D:1      | Found a faded altar of an unknown god.
   209 | D:1      | Got a blackened book
   217 | D:1      | Reached XP level 2. HP: 18/18 MP: 2/2
   347 | D:1      | Reached XP level 3. HP: 15/23 MP: 3/3
  1059 | D:2      | Reached XP level 4. HP: 29/29 MP: 4/4
  1180 | D:3      | Reached skill level 4 in Unarmed Combat
  1484 | D:3      | Found Kotetzew's General Store.
  1950 | D:4      | Reached XP level 5. HP: 23/35 MP: 5/5
  1951 | D:4      | Found an ornate altar of the Wu Jian Council.
  2104 | D:4      | Found a burning altar of Makhleb.
  2110 | D:4      | Became a worshipper of the Wu Jian Council
  2191 | D:4      | Found a transporter.
  2306 | D:4      | Noticed Ijyb
  2312 | D:4      | Paralysed by Ijyb for 4 turns
  2322 | D:4      | Killed Ijyb
  2429 | D:4      | Found a transporter.
  2485 | D:4      | Noticed Blork the orc
  2492 | D:4      | Killed Blork the orc
  2493 | D:4      | Reached skill level 5 in Unarmed Combat
  2493 | D:4      | Reached XP level 6. HP: 26/41 MP: 6/6
  2845 | D:4      | Noticed Menkaure
  2851 | D:4      | Killed Menkaure
  3063 | D:5      | Entered Level 5 of the Dungeon
  3064 | D:5      | Noticed Duvessa
  3162 | D:5      | Noticed a black bear
  3167 | D:5      | Killed a black bear
  3168 | D:5      | Reached XP level 7. HP: 28/46 MP: 7/7
  3236 | D:5      | Noticed Dowan
  3250 | D:5      | Killed Duvessa
  3251 | D:5      | Reached skill level 6 in Unarmed Combat
  3253 | D:5      | Killed Dowan
  3276 | D:5      | Reached * piety under Wu Jian
  3400 | D:5      | Reached XP level 8. HP: 46/54 MP: 8/8
  3472 | D:5      | Reached skill level 7 in Unarmed Combat
  3472 | D:5      | Reached skill level 5 in Shapeshifting
  3872 | D:5      | Noticed a kobold demonologist
  3895 | D:5      | Noticed a red devil
  3899 | D:5      | Noticed a red devil
  3899 | D:5      | Killed a kobold demonologist
  3900 | D:5      | Reached skill level 5 in Fighting
  3901 | D:5      | Noticed a kobold demonologist
  3906 | D:5      | Noticed an ice devil
  3908 | D:5      | Noticed a red devil
  3908 | D:5      | Killed a kobold demonologist
  3909 | D:5      | Reached skill level 8 in Unarmed Combat
  3909 | D:5      | Noticed a kobold demonologist
  3913 | D:5      | Killed a kobold demonologist
  3914 | D:5      | Reached XP level 9. HP: 39/62 MP: 9/9
  4219 | D:6      | Found a sparkling altar of Nemelex Xobeh.
  4468 | D:6      | Reached ** piety under Wu Jian
  4597 | D:6      | Reached skill level 9 in Unarmed Combat
  4692 | D:6      | Found a shimmering altar of Xom.
  5322 | D:7      | Reached skill level 10 in Unarmed Combat
  5332 | D:7      | Noticed a hornet
  5377 | D:7      | Found a staircase to the Ecumenical Temple.
  5391 | Temple   | Entered the Ecumenical Temple
  5400 | D:7      | Paralysed by a hornet for 3 turns
  5406 | D:7      | Killed a hornet
  5406 | D:7      | Reached *** piety under Wu Jian
  5407 | D:7      | Reached XP level 10. HP: 16/69 MP: 10/10
  5831 | D:7      | Found Tialaxocea's Assorted Antiques.
  6195 | D:8      | Noticed an orange demon
  6215 | D:8      | Killed an orange demon
  6215 | D:8      | Noticed Amaemon
  6230 | D:8      | Killed Amaemon
  6441 | D:8      | Reached skill level 11 in Unarmed Combat
  6650 | D:8      | Identified the +5 orcbow of Efrih {drain, Int-4 SInv
                  | Stlth+}
  7004 | D:8      | Found Cifodiq's Armour Shop.
  7489 | D:8      | Found a staircase to the Lair.
  7669 | D:8      | Reached **** piety under Wu Jian
  7852 | D:9      | HP: 5/108 [meliai/divine providence (7)]
  7853 | D:9      | Succumbed to a meliai's poison

Illustrated notes

Levels and vault maps discovered:
D:1:      minmay_arrival_loop, layout_basic,
          shapermc_ecumenical_altar_rom_forum, skrybe_limestone_x
D:2:      layout_rooms, kennysheep_path_1
D:3:      layout_basic, serial_shops, shop, corexii_hall_statues_x
D:4:      gammafunk_wand_slinger, layout_loops_cross,
          grunt_temple_overflow_open, kennysheep_generic_room_6, uniq_ijyb,
          uniq_blork_the_orc, uniq_menkaure
D:5:      layout_basic, hangedman_decor_opposing, uniq_duvessa
D:6:      layout_basic, mainiacjoe_overflow_boulevard, led_xom_imps,
          nicolae_fountain_basement
D:7:      layout_loops_ring, temple_pool_b, serial_shops, shop, serial_undead,
          serial_undead_b, serial_undead_f, serial_undead_a, serial_undead_f,
          dk_rats_in_the_wall
D:8:      layout_rooms, lair_entry_dummy, chequers_serial_rivers_micro_a,
          nrook_uturn, grunt_decor_junction, nicolae_wooded_promenade,
          minmay_chambers_of_fives, uniq_amaemon
D:9:      layout_basic, corner_web_ring, minivault_4,
          chequers_serial_rivers_room_a, hellmonk_guarded_unrand_cigotuvi,
          uniq_joseph
Temple:   eino_wide_crystal_templ

Skill      XL: |  1  2  3  4  5  6  7  8  9 10 |
---------------+-------------------------------+-----
Fighting       | 2 3 4 5 6 8 |  8.0
Unarmed Combat | 4 5 6 8 10 11 | 11.6
Shapeshifting  | 4 6 7 |  7.9
Dodging        | |  2.0
Ice Magic      | |  0.4

Action                     |  1- 3 |  4- 6 |  7- 9 | 10-12 || total
---------------------------+-------+-------+-------+-------++-------
  Melee: Unarmed           |    87 |    93 |   148 |   119 ||   447
         Constrict         |    24 |    27 |    42 |    21 ||   114
         Tentacles         |    13 |    18 |    52 |    28 ||   111
         Punch             |     1 |     2 |    13 |     5 ||    21
Ability: Lunge             |       |     3 |    29 |    19 ||    51
         Whirlwind         |       |       |     5 |     8 ||    13
  Evoke: Wand              |       |     1 |     4 |     6 ||    11
    Use: Potion            |       |     3 |     1 |     3 ||     7
         Scroll            |       |     2 |       |     1 ||     3
   Stab: Sleeping          |     2 |     4 |     2 |     2 ||    10
         Paralysed         |       |       |       |     3 ||     3
 Armour: Skin              |    36 |    42 |    41 |    71 ||   190
  Dodge: Dodged            |    67 |    43 |    44 |    49 ||   203
   Form: Flux              |       |       |       |     1 ||     1

Table legend: (Time is in decaauts)
 A = Elapsed time spent in this place.
 B = Non-inter-level travel time spent in this place.
 C = Inter-level travel time spent in this place.
 D = Time resting spent in this place.
 E = Time spent auto-exploring this place.
 F = Levels seen in this place.
 G = Mean time per level.
                   A        B        C        D        E       F      G
               +--------+--------+--------+--------+--------+-----+--------+
         Total |   7812 |   7309 |    503 |    262 |   5821 |  10 |  781.2 |
       Dungeon |   7810 |   7307 |    503 |    262 |   5821 |   9 |  867.8 |
        Temple |      1 |      1 |      0 |      0 |      0 |   1 |    1.0 |
               +--------+--------+--------+--------+--------+-----+--------+

Top non-repeatable levels by time:
     D:8: 1333 daAuts
     D:5: 1215 daAuts
     D:4: 1159 daAuts
     D:7: 1120 daAuts
     D:3: 771 daAuts
     D:6: 711 daAuts
     D:1: 598 daAuts
     D:2: 564 daAuts
     D:9: 337 daAuts
  Temple: 1 daAuts
